 Dungeon Crawl Stone Soup version 0.26.1-11-gd32895ea62 (webtiles) character file.

Game seed: 17835452864225154183

21 promet the Insei (level 2, -3/23 HPs)
             Began as a Gnoll Transmuter on July 11, 2021.
             Slain by an ice beast (5 damage)
             ... on level 2 of the Dungeon.
             The game lasted 00:05:30 (915 turns).

promet the Insei (Gnoll Transmuter)                  Turns: 915, Time: 00:05:30

Health: -3/23      AC:  3    Str: 12    XL:     2   Next: 87%
Magic:  7/7        EV: 14    Int: 15    God:
Gold:   73         SH:  0    Dex: 15    Spells: 9/10 levels left

rFire    . . .     SeeInvis .   a - +0 hand axe
rCold    . . .     Faith    .   (no shield)
rNeg     . . .     Spirit   .   c - +1 robe
rPois    .         Reflect  .   (helmet currently unavailable)
rElec    .         Harm     .   (no cloak)
rCorr    .         Rampage  .   (no gloves)
Will     .....                  (boots currently unavailable)
Stlth    ++........             d - amulet of magic regeneration
HPRegen  0.07/turn              (no ring)
MPRegen  0.35/turn              (no ring)

@: appendages
A: distributed training, fangs 1, horns 2, talons 2, strong nose
a: End Transformation


You were on level 2 of the Dungeon.
You had grown temporary horns.
You had grown temporary talons.
You visited 1 branch of the dungeon, and saw 2 of its levels.

You collected 73 gold pieces.

Inventory:

Hand Weapons
 a - a +0 hand axe (weapon)
Missiles
 b - 44 stones (quivered)
 f - 21 bolts
 g - a throwing net
Armour
 c - a +1 robe (worn)
Jewellery
 d - an amulet of magic regeneration (around neck)
Scrolls
 e - a scroll of noise {unknown}


   Skills:
 + Level 2.5 Fighting
 + Level 0.5 Short Blades
 + Level 0.5 Long Blades
 + Level 0.5 Axes
 + Level 0.5 Maces & Flails
 + Level 0.5 Polearms
 + Level 0.5 Staves
 + Level 0.5 Slings
 + Level 0.5 Bows
 + Level 0.5 Crossbows
 + Level 0.5 Throwing
 + Level 0.5 Armour
 + Level 4.5 Dodging
 + Level 0.5 Stealth
 + Level 0.5 Shields
 + Level 6.5 Unarmed Combat
 + Level 4.9 Spellcasting
 + Level 0.4 Conjurations
 + Level 0.4 Hexes
 + Level 0.4 Summonings
 + Level 0.4 Necromancy
 + Level 0.4 Translocations
 + Level 3.7 Transmutations
 + Level 0.4 Fire Magic
 + Level 0.4 Ice Magic
 + Level 0.4 Air Magic
 + Level 0.4 Earth Magic
 + Level 0.4 Poison Magic
 + Level 0.7 Invocations
 + Level 0.5 Evocations


You had 9 spell levels left.
You knew the following spells:

 Your Spells              Type           Power        Failure   Level
a - Beastly Appendage     Tmut           28%          3%          1

Your spell library contained the following spells:

 Spells                   Type           Power        Failure   Level
 Wereblood                Tmut           14%          5%          2
 Spider Form              Tmut/Pois      4%           22%         3
 Ice Form                 Ice/Tmut       9%           56%         4
 Blade Hands              Tmut           7%           69%         5


Dungeon Overview and Level Annotations

Branches:
Dungeon (2/15)

Altars:


Innate Abilities, Weirdness & Mutations

Your experience applies equally to all skills.
You have very sharp teeth.
Your uncanny sense of smell can sniff out nearby items.
You have a pair of horns on your head.
You have razor-sharp toenails.


Message History

The ice beast is heavily wounded.
The ice beast hits you but does no damage.
You completely miss the ice beast. You claw the ice beast.
The ice beast is heavily wounded.
The ice beast misses you.
The ice beast hits you but does no damage.
You hit the ice beast. You claw the ice beast.
You headbutt the ice beast, but do no damage.
The ice beast is severely wounded.
The ice beast barely misses you.
You barely miss the ice beast. Your kick misses the ice beast.
Your headbutt misses the ice beast.
The ice beast is severely wounded.
The ice beast hits you but does no damage.
You hit the ice beast but do no damage. You claw the ice beast!
The ice beast is almost dead.
The ice beast closely misses you. The ice beast hits you.
* * * LOW HITPOINT WARNING * * *
The ice beast freezes you.
You die...

### #.. #.#
################## ###'#
(...(.Y@.........# #....
.....###########.###....
### #.).'...( #####....
#.... #.... ∆ #....
#.#'# #.#.#


You could see an ice beast.

Vanquished Creatures
  A dart slug (D:1)
  A giant cockroach (D:1)
  4 goblins
  3 bats
  A frilled lizard (D:1)
  3 kobolds
  7 rats
20 creatures vanquished.

Notes
Turn   | Place    | Note
-------+----------+-------------------------------------------
     0 | D:1      | promet the Gnoll Transmuter began the quest for the Orb.
     0 | D:1      | Reached XP level 1. HP: 17/17 MP: 6/6
   223 | D:1      | Reached XP level 2. HP: 13/23 MP: 7/7
   901 | D:2      | Noticed an ice beast
   915 | D:2      | Slain by an ice beast

Illustrated notes

Levels and vault maps discovered:
D:1:      dpeg_arrival_castle, layout_rooms
D:2:      layout_basic, nemelex_xobeh_ov_fountains_minmay

Action                   || total
-------------------------++-------
Melee: Unarmed           ||    10
       Hand axe          ||    39
       Headbutt          ||     4
       Kick              ||     8
       Bite              ||     3
       Punch             ||     2
Throw: Stone             ||    16
 Cast: Beastly Appendage ||    11
  Use: Scroll            ||     7
       Potion            ||     1
 Stab: Sleeping          ||     2
Armor: Robe              ||    12
Dodge: Dodged            ||    44
